 Dungeon Crawl Stone Soup version 0.27.1-1-g398f81649c (webtiles) character file.

Game seed: 211603166919934734

8185 Autumnman the Cleaver (level 11, -11/151 HPs)
             Began as a Minotaur Berserker on Sept 10, 2021.
             Was an Elder of Trog.
             Mangled by a skeletal warrior (18 damage)
             ... on level 10 of the Dungeon.
             The game lasted 00:32:39 (7554 turns).

Autumnman the Cleaver (Minotaur Berserker)          Turns: 7554, Time: 00:32:39

Health: -11/151    AC: 17    Str: 25    XL:     11   Next: 6%
Magic:  10/10      EV: 18    Int:  4    God:    Trog [****..]
Gold:   529        SH:  0    Dex: 10    Spells: 10/10 levels left

rFire    . . .     SeeInvis .   l - +3 executioner's axe (vorpal)
rCold    . . .     Faith    .   (shield currently unavailable)
rNeg     . . .     Spirit   .   v - +4 ring mail {rPois}
rPois    +         Reflect  .   d - +1 hat
rElec    .         Harm     .   (no cloak)
rCorr    .         Rampage  .   B - +0 pair of gloves
Will     .....                  (no boots)
Stlth    ..........             (no amulet)
HPRegen  0.35/turn              f - +4 ring of evasion
MPRegen  0.12/turn              t - +4 ring of protection

@: berserking, slowed
A: horns 2, retaliatory headbutt
a: Renounce Religion, Berserk, Trog's Hand, Brothers in Arms


You were on level 10 of the Dungeon.
You worshipped Trog.
Trog was greatly pleased with you.
You visited 2 branches of the dungeon, and saw 11 of its levels.

You collected 529 gold pieces.

Inventory:

Hand Weapons
 a - a +0 hand axe of flaming
 l - a +3 vorpal executioner's axe (weapon)
 y - a +2 broad axe of draining
Missiles
 m - a throwing net (quivered)
Armour
 d - a +1 hat (worn)
 v - a +4 ring mail of poison resistance (worn)
 B - a +0 pair of gloves (worn)
Jewellery
 b - a ring of see invisible
 f - a +4 ring of evasion (left hand)
 o - a +6 ring of strength
 q - a ring of poison resistance
 t - a +4 ring of protection (right hand)
 x - a ring of willpower
 A - a +6 ring of intelligence
 D - an amulet of the acrobat
Wands
 e - a wand of polymorph (17)
 i - a wand of flame (48)
 C - a wand of mindburst (10)
Scrolls
 j - 2 scrolls of enchant armour
 n - 4 scrolls of identify
 p - a scroll of teleportation
 u - a scroll of enchant weapon {unknown}
 w - a scroll of fear
Potions
 c - 2 potions of brilliance {unknown}
 g - a potion of might
 h - 3 potions of heal wounds
 k - 4 potions of curing {unknown}
 r - a potion of magic {unknown}
 s - a potion of flight {unknown}
 z - a potion of lignification {unknown}
 E - a potion of resistance {unknown}


   Skills:
 * Level 10.7 Fighting
 + Level 12.8 Axes
 + Level 8.3 Armour
 * Level 9.2 Dodging


You had 10 spell levels left.
You didn't know any spells.
Your spell library was empty.

Dungeon Overview and Level Annotations

Branches:
Dungeon (10/15)            Temple (0/1) D:7            Lair (1/6) D:9
    Orc: D:9-12

Altars:
Qazlal


Innate Abilities, Weirdness & Mutations

You have a pair of horns on your head.
You reflexively headbutt those who attack you in melee.


Message History

You hit the skeletal warrior but do no damage.
The skeletal warrior is moderately damaged.
You slice the wraith!!
You destroy the wraith!
Trog accepts your kill.
The skeletal warrior hits you with a +0 scimitar.
The gnoll closely misses you.
The skeletal warrior completely misses you.
The gnoll barely misses you.
You barely miss the skeletal warrior.
Your headbutt misses the skeletal warrior.
The skeletal warrior is moderately damaged.
The skeletal warrior hits you with a +0 scimitar!
The gnoll completely misses you.
The skeletal warrior hits you with a +0 scimitar!
* * * LOW HITPOINT WARNING * * *
The gnoll misses you.
Annotate which branch? (. - D:10, ? - help, ! - show branch list)
Okay, then.
A red film seems to cover your vision as you go berserk!
You feel yourself moving faster!
You feel mighty!
The skeletal warrior hits you with a +0 scimitar.
* * * LOW HITPOINT WARNING * * *
The gnoll hits you from afar with a +0 halberd!
* * * LOW HITPOINT WARNING * * *
The skeletal warrior hits you with a +0 scimitar.
* * * LOW HITPOINT WARNING * * *
The gnoll barely misses you.
You closely miss the skeletal warrior.
The skeletal warrior is lightly damaged.
The skeletal warrior hits you with a +0 scimitar!
* * * LOW HITPOINT WARNING * * *
The gnoll completely misses you.
Unknown command.
You hit the skeletal warrior but do no damage.
You headbutt the skeletal warrior, but do no damage.
The skeletal warrior is lightly damaged.
The skeletal warrior misses you. The gnoll misses you.
The skeletal warrior hits you with a +0 scimitar!!
You die...

# ### ## #.. .# #.#
#### <## #.# #...
..# ##.# #..# ..#
#..# ..# ..#####
#..##.#
......#######...@#
..###.(........##z#
..# #########..#


gg# ..# #..# #g.# ### #..# ##.# ##.# .# #.. . #### #### ##+######## ...#
###.........# You could see a skeletal warrior, a gnoll shaman and 2 gnolls.

Vanquished Creatures
  A deep elf pyromancer (D:10)
  An ugly thing (D:9)
  Maggie (D:10)
  2 trolls
  A hornet (D:10)
  Sigmund (D:2)
  9 yaks
  6 wyverns
  3 wraiths (D:10)
  A basilisk (D:9)
  A steam dragon (D:8)
  Edmund (D:4)
  An acid dragon (D:10)
  7 water moccasins
  A sky beast (D:5)
  2 ice beasts
  A necrophage (D:6)
  A centaur (D:10)
  5 ogres
  A kobold brigand (D:8)
  A scorpion (D:6)
  A bullfrog (D:8)
  2 water moccasin zombies
  8 killer bees
  2 centaur zombies
  4 orc priests
  3 hounds
  2 jellies
  A bullfrog skeleton (D:5)
  2 centaur skeletons
  Jessica (D:2)
  A gnoll shaman (D:7)
  Ijyb (D:4)
  2 iguanas
  6 orc wizards
  Natasha (thrice) (D:4)
  6 gnolls
  6 adders
  A shadow imp (D:7)
  A white imp (D:6)
  An adder skeleton (D:4)
  A dart slug (D:1)
  29 orcs
  3 bats
  11 endoplasms
  4 giant cockroaches
  7 goblins
  7 hobgoblins
  2 jackals (D:3)
  10 kobolds
  2 quokkas
  6 ball pythons
  5 frilled lizards
  12 rats
201 creatures vanquished.

Vanquished Creatures (others)
  2 fungi (D:9)
  8 plants (D:9)
10 creatures vanquished.

Grand Total: 211 creatures vanquished

Notes
Turn   | Place    | Note
-------+----------+-------------------------------------------
     0 | D:1      | Autumnman the Minotaur Berserker began the quest for the
                  | Orb.
     0 | D:1      | Reached XP level 1. HP: 19/19 MP: 0/0
   294 | D:1      | Reached XP level 2. HP: 27/27 MP: 1/1
   334 | D:1      | Reached skill level 4 in Axes
   422 | D:1      | Found a faded altar of an unknown god.
  1288 | D:2      | Reached XP level 3. HP: 32/33 MP: 2/2
  1464 | D:2      | Noticed Sigmund
  1494 | D:2      | Killed Sigmund
  1495 | D:2      | Reached skill level 5 in Fighting
  1495 | D:2      | Reached skill level 5 in Axes
  1495 | D:2      | Reached XP level 4. HP: 4/42 MP: 3/3
  1495 | D:2      | Reached XP level 5. HP: 5/48 MP: 4/4
  2048 | D:2      | Noticed Jessica
  2052 | D:2      | Killed Jessica
  2256 | D:3      | Reached ** piety under Trog
  2688 | D:3      | Noticed an ice beast
  2694 | D:3      | Killed an ice beast
  2695 | D:3      | Reached skill level 6 in Axes
  2695 | D:3      | Reached XP level 6. HP: 56/56 MP: 5/5
  3086 | D:4      | Noticed Edmund
  3095 | D:4      | Killed Edmund
  3160 | D:4      | Reached skill level 5 in Armour
  3160 | D:4      | Reached XP level 7. HP: 61/61 MP: 6/6
  3186 | D:4      | Reached skill level 7 in Axes
  3228 | D:4      | Noticed Ijyb
  3239 | D:4      | Killed Ijyb
  3274 | D:4      | Noticed Natasha
  3286 | D:4      | Killed Natasha
  3293 | D:4      | Reached *** piety under Trog
  3294 | D:4      | Noticed Natasha
  3306 | D:4      | Killed Natasha
  3547 | D:4      | Noticed Natasha
  3553 | D:4      | Killed Natasha
  3748 | D:5      | Entered Level 5 of the Dungeon
  3748 | D:5      | Noticed a troll
  3758 | D:5      | Killed a troll
  3759 | D:5      | Reached skill level 8 in Axes
  3759 | D:5      | Reached skill level 5 in Dodging
  3759 | D:5      | Reached XP level 8. HP: 71/71 MP: 7/7
  4406 | D:6      | Reached skill level 9 in Axes
  4542 | D:6      | Reached XP level 9. HP: 79/79 MP: 8/8
  4585 | D:6      | Reached **** piety under Trog
  5067 | D:7      | Reached skill level 10 in Axes
  5407 | D:7      | Found a staircase to the Ecumenical Temple.
  5949 | D:8      | Found a stormy altar of Qazlal.
  6349 | D:8      | Reached skill level 11 in Axes
  6552 | D:9      | Noticed a cyan ugly thing
  6553 | D:9      | Found a staircase to the Lair.
  6559 | D:9      | Reached ***** piety under Trog
  6560 | D:9      | Reached XP level 10. HP: 90/90 MP: 9/9
  6567 | D:9      | Killed a cyan ugly thing
  6603 | D:9      | Reached skill level 12 in Axes
  6610 | Lair:1   | Entered Level 1 of the Lair of Beasts
  6641 | D:10     | Entered Level 10 of the Dungeon
  6648 | D:10     | Noticed Maggie
  6667 | D:10     | Killed Maggie
  6668 | D:10     | Reached skill level 10 in Fighting
  7186 | D:10     | Identified a scroll of acquirement
  7186 | D:10     | Acquired a +3 vorpal executioner's axe
  7457 | D:10     | Noticed a deep elf pyromancer
  7460 | D:10     | Killed a deep elf pyromancer
  7461 | D:10     | Reached XP level 11. HP: 99/101 MP: 10/10
  7546 | D:10     | Noticed a skeletal warrior
  7553 | D:10     | HP: 6/151 [skeletal warrior (14)]
  7554 | D:10     | Mangled by a skeletal warrior

Illustrated notes

Levels and vault maps discovered:
D:1:      saegor_arrival_simple_c, layout_basic,
          hellmonk_ecumenical_altar_lost_god, st_stairs_12
D:2:      layout_loops_cross, minmay_misc_feat_five, uniq_jessica, uniq_sigmund
D:3:      layout_basic
D:4:      layout_cave_pools, st_stairs_9, grunt_decor_arrowhead, uniq_natasha,
          uniq_edmund, uniq_ijyb
D:5:      layout_rooms
D:6:      layout_basic
D:7:      layout_loops_ring, minmay_temple_entry_arrows
D:8:      layout_rooms, mainiacjoe_overflow_six_doors_small
D:9:      layout_layer_cave, minmay_lair_entry_grove, orc_0_dummy
D:10:     layout_roguey, minmay_guarded_unrand_finisher, uniq_maggie
Lair:1:   layout_big_grid, gammafunk_ghost_ooze, infiniplex_staircase_pool,
          grunt_megastairs_3

Skill      XL: |  1  2  3  4  5  6  7  8  9 10 |
---------------+-------------------------------+-----
Axes           | 4 5 6 8 9 11 12 | 12.8
Fighting       | 4 5 6 7 8 10 | 10.7
Armour         | 3 4 5 6 7 8 |  8.3
Dodging        | 3 5 6 7 9 |  9.2

Action                   |  1- 3 |  4- 6 |  7- 9 | 10-12 || total
-------------------------+-------+-------+-------+-------++-------
Melee: Hand axe          |    69 |    91 |   291 |    52 ||   503
       Headbutt          |    14 |    17 |    54 |    12 ||    97
       Executioner's axe |       |       |       |    28 ||    28
       Broad axe         |       |       |       |    10 ||    10
Invok: Berserk           |     1 |     3 |     6 |     2 ||    12
       Trog's Hand       |       |       |       |     2 ||     2
       Brothers in Arms  |       |       |       |     1 ||     1
  Use: Scroll            |       |       |    11 |     4 ||    15
Armor: Animal skin       |     1 |       |       |       ||     1
       Ring mail         |    21 |    21 |   104 |    52 ||   198
Dodge: Dodged            |    38 |    59 |   222 |   115 ||   434
